Map: Rhoskallian LE

Players

qqq - Winner!

  • Race: Protoss Protoss
  • League: Platinum
  • Spawn Location: 6:00

Massa - Winner!

  • Race: Terran Terran
  • League: Platinum
  • Spawn Location: 5:00

Cheesetricks

  • Race: Zerg Zerg
  • Spawn Location: 12:00

eNTropy

  • Race: Zerg Zerg
  • League: Diamond
  • Spawn Location: 11:00

VOD

Have the link to the VOD?

Description

Time

  • Played on: Dec. 13, 2020, 9:50 a.m.
  • Length: 6:35
Show
View Real Time Build Order
Export as new Build Order

qqq Protoss - Winner!

Build Orders:  

Get SALT Encoding   

  12  0:01  Probe  
  13  0:15  Pylon  
  13  0:19  Probe  
  14  0:31  Probe  
  15  0:40  Forge  
  15  0:43  Probe  
  16  0:54  Pylon  
  16  1:06  Pylon  
  16  1:23  Photon Cannon  
  16  1:28  Pylon  
  16  1:35  Photon Cannon  
  15  2:19  Photon Cannon  
  15  2:26  Probe  
  16  2:31  Pylon  
  16  2:38  Nexus  
  16  3:04  Probe (Chrono Boost)  
  17  3:07  Pylon  
  17  3:15  Probe (Chrono Boost)  
  17  3:18  Assimilator  
  17  3:20  Probe (Chrono Boost), Gateway, Photon Cannon  
  17  3:22  Assimilator  
  18  3:31  Probe (Chrono Boost)  
  20  3:42  Probe (Chrono Boost)  
  20  3:47  Probe (Chrono Boost), Pylon  
  21  3:51  Probe (Chrono Boost)  
  22  3:58  Probe (Chrono Boost)  
  22  4:02  Probe (Chrono Boost)  
  24  4:04  Probe (Chrono Boost)  
  24  4:09  Probe (Chrono Boost)  
  26  4:13  Probe (Chrono Boost)  
  27  4:18  Cybernetics Core  
  27  4:21  Probe (Chrono Boost)  
  27  4:22  Probe (Chrono Boost)  
  29  4:27  Probe (Chrono Boost)  
  31  4:35  Probe (Chrono Boost)  
  32  4:39  Probe (Chrono Boost), Pylon  
  32  4:44  Probe x2 (Chrono Boost)  
  32  4:45  Pylon  
  34  4:51  Pylon  
  34  4:53  Probe  
  34  4:54  Probe  
  34  4:58  Stargate  
  36  5:04  Stargate  
  36  5:06  Probe  
  37  5:07  Pylon  
  37  5:16  Assimilator  
  37  5:20  Probe (Chrono Boost)  
  37  5:21  Assimilator  
  38  5:22  Probe (Chrono Boost)  
  39  5:31  Probe (Chrono Boost)  
  39  5:32  Probe (Chrono Boost)  
  41  5:38  Probe  
  41  5:40  Probe  
  43  5:49  Void Ray  
  43  5:53  Probe  
  43  5:56  Phoenix  
  50  6:17  Fleet Beacon  
Show
View Real Time Build Order
Export as new Build Order

Massa Terran - Winner!

Build Orders:  

Get SALT Encoding   

  12  0:00  SCV  
  13  0:12  SCV  
  14  0:22  Supply Depot  
  14  0:24  SCV  
  15  0:36  Refinery  
  15  0:44  SCV  
  15  0:46  Barracks  
  16  0:56  SCV  
  17  1:09  SCV  
  18  1:21  SCV  
  19  1:33  SCV  
  19  1:34  Refinery, Marine, Supply Depot  
  21  1:45  SCV  
  22  1:50  Factory  
  22  2:00  Orbital Command  
  22  2:06  Marine  
  23  2:23  Supply Depot  
  23  2:24  Marine  
  23  2:26  SCV  
  25  2:35  Starport, Factory Tech Lab  
  25  2:38  SCV  
  26  2:46  Marine  
  26  2:50  SCV  
  28  3:02  SCV  
  28  3:05  Marine  
  30  3:11  Factory Tech Lab  
  30  3:24  Fusion Core  
  30  3:30  SCV  
  30  3:31  Command Center  
  31  3:35  Supply Depot  
  31  3:40  Marine  
  35  3:55  Supply Depot  
  32  4:08  Marine  
  33  4:11  Battlecruiser  
  33  4:16  Supply Depot  
  39  4:18  Siege Tank  
  39  4:23  SCV  
  43  4:26  Barracks, Marine  
  44  4:33  Supply Depot  
  44  4:35  SCV, Supply Depot  
  45  4:45  Weapon Refit  
  45  4:51  SCV  
  46  4:55  Widow Mine  
  48  5:00  Orbital Command  
  48  5:04  SCV  
  49  5:16  SCV  
  51  5:50  SCV x2  
  58  6:02  SCV x2  
  60  6:14  SCV x2  
Show
View Real Time Build Order
Export as new Build Order

Cheesetricks Zerg 

Build Orders: Pool First 

Get SALT Encoding   

  12  0:00  Drone  
  13  0:13  Overlord  
  13  0:18  Drone  
  14  0:31  Drone  
  14  0:32  Drone  
  14  0:35  Drone  
  17  0:49  Spawning Pool  
  16  0:54  Extractor, Drone  
  16  0:59  Drone  
  17  1:35  Zergling x6  
  20  1:49  Hatchery  
  17  2:13  Zergling x6  
  17  2:22  Metabolic Boost  
  17  2:25  Zergling x2  
  18  2:35  Spine Crawler, Zergling x2  
  18  2:45  Zergling x2  
  17  3:02  Drone  
  18  3:11  Baneling Nest  
  17  3:19  Drone x2  
  17  3:25  Queen x2  
  17  3:27  Drone  
  21  3:28  Drone  
  21  3:32  Drone  
  23  3:36  Drone  
  24  3:45  Overlord  
  24  3:49  Drone  
  24  3:53  Drone  
  24  3:55  Drone  
  27  3:59  Drone  
  27  4:03  Drone  
  28  4:27  Drone x3  
  31  4:32  Extractor  
  31  4:35  Hatchery  
  31  4:36  Lair  
  29  4:38  Drone  
  29  4:44  Zergling x4  
  32  4:50  Drone x2  
  32  4:52  Drone  
  35  4:56  Pneumatized Carapace  
  36  5:00  Drone  
  36  5:08  Overlord  
  36  5:10  Overlord  
  36  5:17  Overlord  
  34  5:43  Hydralisk Den  
  32  5:51  Extractor  
  32  5:52  Extractor  
  30  6:08  Hydralisk Den  
  30  6:09  Spore Crawler x2  
  30  6:10  Spore Crawler  
  26  6:11  Drone  
  26  6:12  Drone x5  
Show
View Real Time Build Order
Export as new Build Order

eNTropy Zerg 

Build Orders: Hatch First 

Get SALT Encoding   

  12  0:00  Drone  
  13  0:13  Overlord  
  13  0:18  Drone  
  14  0:31  Drone x2  
  14  0:35  Drone  
  17  1:00  Hatchery  
  16  1:12  Extractor  
  14  1:31  Spawning Pool  
  12  2:00  Drone  
  12  2:01  Drone x2  
  13  2:13  Drone  
  12  2:29  Zergling x2  
  13  2:30  Zergling x2  
  13  2:34  Zergling x2  
  15  2:51  Zergling x6  
  15  3:01  Drone  
  15  3:02  Drone  
  16  3:27  Drone x2  
  16  3:28  Drone x3  
  21  3:34  Metabolic Boost  
  21  3:42  Drone  
  22  3:53  Drone x3  
  25  4:06  Drone x3  
  28  4:34  Hatchery  
  27  4:43  Queen  
  27  4:44  Evolution Chamber  
  28  4:48  Overlord  
  28  5:06  Queen  
  30  5:13  Drone  
  31  5:14  Zergling x2  
  31  5:15  Drone x4  
  36  5:53  Queen  
  36  5:56  Spore Crawler  
  35  5:59  Spore Crawler x2  
  35  6:00  Spore Crawler  
  35  6:02  Spore Crawler  
  35  6:03  Drone x3  
  34  6:13  Spore Crawler  
  34  6:14  Spore Crawler  
  34  6:18  Spore Crawler  
  31  6:26  Spore Crawler  
  31  6:30  Spore Crawler  
Tags
 
Add a new tag
Caveats
  • Supply blocks, unpowered buildings, or Contaminate may cause inaccurate times.
  • Supply counts are checked every 10 seconds.